 Dungeon Crawl Stone Soup version 0.31-a0-75-g6fe912e8c5 (webtiles) character file.

Game seed: 18304748239673290260

29 Esekla the Sneak (level 3, 4/26 HPs)
             Began as an Octopode Delver on May 23, 2023.
             Quit the game on level 5 of the Dungeon.
             The game lasted 00:00:45 (43 turns).

Esekla the Sneak (Octopode Delver)                    Turns: 43, Time: 00:00:45

Health: 4/26       AC:  1    Str: 11    XL:     3   Next: 16%
Magic:  3/3        EV: 13    Int: 14    God:
Gold:   4          SH:  0    Dex: 13    Spells: 3/3 levels left

rFire   . . .        a - +0 falchion
rCold   . . .        (no shield)
rNeg    . . .        (helmet restricted)
rPois   .            (no amulet)
rElec   .            (no ring)
rCorr   .            (no ring)
SInv    .            (no ring)
Will    .....        (no ring)
Stlth   ++++         (no ring)
HPRegen 0.24/turn    (no ring)
MPRegen 0.08/turn    (no ring)
                     (no ring)

%: no passive effects
@: no status effects
A: almost no armour, amphibious, 8 rings, camouflage 1, gelatinous body 1,
(nimble swimmer 1), tentacles
a: no special abilities


You were on level 5 of the Dungeon.
You visited 1 branch of the dungeon, and saw 1 of its levels.

You collected 4 gold pieces.

Inventory:

Hand Weapons
 a - a +0 falchion (weapon)
Wands
 f - a wand of digging (3)
Scrolls
 b - a scroll of fog
 d - a scroll of fear
 g - a scroll of identify {unknown}
Potions
 c - a potion of heal wounds {unknown}
 e - a potion of haste
 h - a potion of curing {unknown}


   Skills:
 * Level 3.2 Fighting
 * Level 2.2 Long Blades
 * Level 2.2 Dodging
 + Level 7.1 Stealth
 * Level 0.6 Spellcasting


You had 3 spell levels left.
You didn't know any spells.
Your spell library was empty.

Dungeon Overview and Level Annotations

Branches:
Dungeon (5/15)
 Temple: D:4-7

Altars:


Innate Abilities, Weirdness & Mutations

You cannot wear most types of armour.
You are amphibious.
You can wear up to eight rings at the same time.
Your skin changes colour to match your surroundings (Stealth+).
Your rubbery body absorbs attacks. (AC +1, EV +1)
((You are camouflaged when in or above water. (Stealth+)))
You have tentacles for arms and can constrict up to eight enemies at once.


Message History

You now have 4 gold pieces.
A hound comes into view.
The hound barks!
You barely miss the hound. You grab the hound.
You constrict the hound, but do no damage.
The hound bites you but does no damage.
You completely miss the hound. Your squeeze misses the hound.
You constrict the hound. The hound bites you. x2
You hit the hound.
The hound is moderately wounded.
You constrict the hound. The hound bites you. The hound barely misses you.
You barely miss the hound.
You squeeze the hound, but do no damage.
The hound is heavily wounded.
You constrict the hound. The hound bites you.
* * * LOW HITPOINT WARNING * * *
The hound misses you.
You hit the hound but do no damage.
You tentacle-slap the hound, but do no damage.
The hound is heavily wounded.
You constrict the hound. The hound barely misses you. The hound misses you.
You hit the hound but do no damage.
The hound is severely wounded.
You constrict the hound. The hound bites you.
* * * LOW HITPOINT WARNING * * *
You hit the hound.
You kill the hound!
Your Stealth skill increases to level 7!
You have reached level 2!
You have reached level 3!
Your experience leads to an increase in your attributes!
Increase (S)trength, (I)ntelligence, or (D)exterity?
You feel clever. x2
As you read the scroll of magic mapping, it crumbles to dust.
You feel aware of your surroundings.
An orc comes into view. It is wielding a +0 club.
The orc moves out of view.
Found 3 stones.
c - a cyan potion Are you sure you want to abandon this character and quit the game? (Confirm with "yes".)

,,,,,,,,,,,,**,,,,,,,,,,,,**,,,*
,,,,,,,,*..**,,,,...,,..,,,,,,,*
,,,,,,,,*..##,**...,....,,,,,,,*
,,,,,,,,*#....**#..,..##,***,,**
,,,,,,,,,.....###.##...##.**,,* *
,<,,,,,,,...........(..#..,,.****
,*,,,,,,,...........##...##..#.*,
,,,,,,,,,..........#.#.#..o.....,
,*,,,,,,,.......@....$.#.......#,
,**,,,,,........................,
,,,,,,,,...#........[...........,
,,,,,,,,...#..........##........>
,,,,,,,,.....................#,,,
,,,,,,,,.....................#,,,
,,*,,,,,..................##...,.
,,,*,,,*...................###...
,,,**,,*,#.....>##.......†......#


There were no monsters in sight!

Vanquished Creatures
  A hound (D:5)
1 creature vanquished.

Notes
Turn   | Place    | Note
-------+----------+-------------------------------------------
     0 | D:5      | Esekla the Octopode Delver began the quest for the Orb.
     0 | D:5      | Reached XP level 1. HP: 16/16 MP: 1/1
    15 | D:5      | Noticed a hound
    31 | D:5      | Killed a hound
    32 | D:5      | Reached skill level 7 in Stealth
    32 | D:5      | Reached XP level 2. HP: 1/21 MP: 2/2
    32 | D:5      | Reached XP level 3. HP: 2/26 MP: 3/3
    43 | D:5      | Quit the game

Illustrated notes

Levels and vault maps discovered:
D:5:      layout_cave_pools, minmay_manual_moon, uniq_edmund

Skill      XL: |  1 |
---------------+----+-----
Stealth        | 7 |  7.1
Fighting       | |  3.2
Long Blades    | |  2.2
Dodging        | |  2.2
Spellcasting   | |  0.6

Action                     || total
---------------------------++-------
  Melee: Falchion          ||     7
         Constrict         ||     1
         Punch             ||     1
         Tentacles         ||     1
    Use: Scroll            ||     1
 Armour: Skin              ||     1
  Dodge: Dodged            ||     4

Table legend: (Time is in decaauts)
 A = Elapsed time spent in this place.
 B = Non-inter-level travel time spent in this place.
 C = Inter-level travel time spent in this place.
 D = Time resting spent in this place.
 E = Time spent auto-exploring this place.
 F = Levels seen in this place.
 G = Mean time per level.
                   A        B        C        D        E       F      G
               +--------+--------+--------+--------+--------+-----+--------+
         Total |     44 |     44 |      0 |      0 |      0 |   1 |   44.0 |
       Dungeon |     44 |     44 |      0 |      0 |      0 |   1 |   44.0 |
               +--------+--------+--------+--------+--------+-----+--------+

Top non-repeatable levels by time:
     D:5: 44 daAuts
